 Dungeon Crawl Stone Soup version 0.27.1 (webtiles) character file.

Game seed: 2323448440480773797

9 DearestLeader the Grave Robber (level 2, 0/20 HPs)
             Began as a Gnoll Necromancer on Aug 31, 2021.
             Succumbed to an adder's poison
             ... on level 2 of the Dungeon on Sept 1, 2021.
             The game lasted 00:01:12 (1170 turns).

DearestLeader the Grave Robber (Gnoll Necromancer)  Turns: 1170, Time: 00:01:12

Health: 0/20       AC:  2    Str:  7    XL:     2   Next: 16%
Magic:  3/7        EV: 13    Int: 14    God:
Gold:   25         SH:  0    Dex: 12    Spells: 9/10 levels left

rFire    . . .     SeeInvis .   j - +0 hand axe
rCold    . . .     Faith    .   (no shield)
rNeg     . . .     Spirit   .   a - +0 robe
rPois    .         Reflect  .   (no helmet)
rElec    .         Harm     .   (no cloak)
rCorr    .         Rampage  .   (no gloves)
Will     .....                  (no boots)
Stlth    ++........             (no amulet)
HPRegen  0.06/turn              (no ring)
MPRegen  0.10/turn              (no ring)

@: lethally poisoned (0 -> -5)
A: fangs 1, strong nose, distributed training
a: no special abilities


You were on level 2 of the Dungeon.
You visited 1 branch of the dungeon, and saw 2 of its levels.

You collected 25 gold pieces.

Inventory:

Hand Weapons
 e - a +0 falchion
 j - a +0 hand axe (weapon)
Missiles
 b - 77 stones
Armour
 a - a +0 robe (worn)
 d - a +0 leather armour
Scrolls
 c - 2 scrolls of identify {unknown}
 f - a scroll of magic mapping {unknown}
 h - a scroll of acquirement {unknown}
Potions
 g - a potion of heal wounds {unknown}
 i - a potion of berserk rage {unknown}
 k - a potion of attraction {unknown}


   Skills:
 + Level 0.3 Fighting
 + Level 0.3 Short Blades
 + Level 0.3 Long Blades
 + Level 0.3 Axes
 + Level 0.3 Maces & Flails
 + Level 0.3 Polearms
 + Level 0.3 Staves
 + Level 0.3 Slings
 + Level 0.3 Bows
 + Level 0.3 Crossbows
 + Level 0.3 Throwing
 + Level 0.3 Armour
 + Level 4.4 Dodging
 + Level 4.0 Stealth
 + Level 0.3 Shields
 + Level 0.3 Unarmed Combat
 + Level 4.9 Spellcasting
 + Level 0.2 Conjurations
 + Level 0.2 Hexes
 + Level 0.2 Summonings
 + Level 7.0 Necromancy
 + Level 0.2 Translocations
 + Level 0.2 Transmutations
 + Level 0.2 Fire Magic
 + Level 0.2 Ice Magic
 + Level 0.2 Air Magic
 + Level 0.2 Earth Magic
 + Level 0.2 Poison Magic
 + Level 0.4 Invocations
 + Level 0.3 Evocations


You had 9 spell levels left.
You knew the following spells:

 Your Spells              Type           Power      Damage    Failure   Level
a - Pain                  Necr           92%        1d8       1%          1

Your spell library contained the following spells:

 Spells                   Type           Power      Damage    Failure   Level
 Animate Skeleton         Necr           46%        N/A       1%          1
 Vampiric Draining        Necr           11%        2d7       3%          3
 Corpse Rot               Necr/Air       N/A        N/A       6%          2
 Animate Dead             Necr           11%        N/A       10%         4
 Poisonous Vapours        Pois/Air       8%         N/A       24%         2
 Agony                    Necr           23%        N/A       26%         5
 Freezing Cloud           Conj/Ice/Air   2%         6-21      99%         5


Dungeon Overview and Level Annotations

Branches:
Dungeon (2/15)

Altars:


Innate Abilities, Weirdness & Mutations

You have very sharp teeth.
Your uncanny sense of smell can sniff out nearby items.
Your experience applies equally to all skills.


Message History

You climb downwards.
There is a stone staircase leading up here.
A kobold is nearby!
An adder comes into view.
The kobold shouts!
The kobold hits you with a +0 short sword.
You hit the kobold.
You kill the kobold!
Casting: Pain (safe; 1% risk of failure)
Confirm with . or Enter, or press ? or * to list all spells.
Aiming: Pain (safe; 1% risk of failure)
Press: ? - help, Shift-Dir - straight line, f - adder
Aim: an adder (chance to affect: 88%)
The adder writhes in agony!
The adder bites you.
You are poisoned.
The adder poisons you!
Casting: Pain (safe; 1% risk of failure)
Confirm with . or Enter, or press ? or * to list all spells.
Aiming: Pain (safe; 1% risk of failure)
Press: ? - help, Shift-Dir - straight line, f/p - adder
Aim: an adder (severely wounded, chance to affect: 88%)
The adder barely resists.
You feel sick. The adder bites you. x2
* * * LOW HITPOINT WARNING * * *
Casting: Pain (safe; 1% risk of failure)
Confirm with . or Enter, or press ? or * to list all spells.
Aiming: Pain (safe; 1% risk of failure)
Press: ? - help, Shift-Dir - straight line, f/p - adder
Aim: an adder (severely wounded, chance to affect: 88%)
The adder writhes in agony.
* * * LOW HITPOINT WARNING * * *
You feel sick. The adder bites you.
* * * LOW HITPOINT WARNING * * *
Casting: Pain (safe; 1% risk of failure)
Confirm with . or Enter, or press ? or * to list all spells.
Aiming: Pain (safe; 1% risk of failure)
Press: ? - help, Shift-Dir - straight line, f/p - adder
Aim: an adder (almost dead, chance to affect: 88%)
The adder writhes in agony.
You kill the adder!
You die...

####### #.....#
#.....#
#...).######
#....@.....######
#...............#
#...............#
#...............#
#.....##........#
###+####........#
##<#.....
.......####...
#...... ..


There were no monsters in sight!

Vanquished Creatures
  An adder (D:2)
  A ball python (D:1)
  2 endoplasms (D:1)
  A quokka (D:1)
  2 bats (D:1)
  2 kobolds
  A rat (D:1)
10 creatures vanquished.

Notes
Turn   | Place    | Note
-------+----------+-------------------------------------------
     0 | D:1      | DearestLeader the Gnoll Necromancer began the quest for the
                  | Orb.
     0 | D:1      | Reached XP level 1. HP: 13/13 MP: 6/6
   590 | D:1      | Reached XP level 2. HP: 15/19 MP: 3/7
  1170 | D:2      | Succumbed to an adder's poison

Illustrated notes

Levels and vault maps discovered:
D:1:      nagdon_arrival_double_spiral, layout_basic, hex_intersection
D:2:      layout_basic, uniq_natasha

Action                   || total
-------------------------++-------
Melee: Falchion          ||     2
       Bite              ||     1
       Hand axe          ||     1
 Cast: Pain              ||    19
Dodge: Dodged            ||     2
